 Dungeon Crawl Stone Soup version 0.21-a0-178-g0b87683 (webtiles) character file.

256 namelastname112 the Skirmisher (level 5, -6/51 HPs)
             Began as a Draconian Wanderer on Aug 9, 2017.
             Killed by nerve-wracking pain
             ... invoked by Grinder
              (10 damage)
             ... on level 4 of the Dungeon.
             The game lasted 00:03:28 (3441 turns).

namelastname112 the Skirmisher (Draconian Wanderer) Turns: 3441, Time: 00:03:28

Health: -6/51      AC:  6    Str:  9 (12) XL:     5   Next: 92%
Magic:  0/5        EV: 12    Int: 14 (16) God:
Gold:   123        SH:  0    Dex:  7 (10) Spells: 4/4 levels left

rFire    . . .     SeeInvis .   c - +3 quarterstaff (chaos)
rCold    . . .     Gourm    .   (shield currently unavailable)
rNeg     . . .     Faith    .   (armour unavailable)
rPois    .         Spirit   +   r - +0 hat
rElec    .         Reflect  .   p - +0 cloak
rCorr    .         Harm     .   (no gloves)
MR       .....                  (no boots)
Stlth    +.........             q - amulet of guardian spirit
HPRegen  0.17/turn              (no ring)
MPRegen  0.09/turn              (no ring)

@: very slightly contaminated, invisible
A: unfitting armour, cold-blooded, AC +5
a: no special abilities


You were on level 4 of the Dungeon.
You were not hungry.

You visited 1 branch of the dungeon, and saw 4 of its levels.

You collected 123 gold pieces.

Inventory:

Hand Weapons
 a - a +2 falchion
 c - a +3 quarterstaff of chaos (weapon)
Armour
 p - a +0 cloak (worn)
 r - a +0 hat (worn)
Jewellery
 q - an amulet of guardian spirit (around neck)
Scrolls
 b - a scroll of random uselessness {unknown}
 e - 9 scrolls of identify {unknown}
 f - a scroll of fear {unknown}
 g - a scroll of teleportation {unknown}
 h - 2 scrolls of amnesia {unknown}
 i - a scroll of recharging {unknown}
 j - 4 scrolls of immolation {unknown}
 k - 2 scrolls of remove curse {unknown}
 m - 2 scrolls of enchant weapon {unknown}
 o - a scroll of fog {unknown}
Comestibles
 d - a bread ration


   Skills:
 + Level 6.3 Fighting
 - Level 2.0 Long Blades
   Level 2.0 Maces & Flails
 + Level 3.6 Dodging
   Level 1.0 Shields
   Level 1.0 Evocations


You had 4 spell levels left.
You didn't know any spells.

Dungeon Overview and Level Annotations

Branches:
Dungeon (4/15)
 Temple: D:4-7

Altars:
The Shining One

Annotations:
D:4 Grinder


Innate Abilities, Weirdness & Mutations

Your plain brown scales are hard. (AC +5)
You cannot fit into any form of body armour.
You are cold-blooded and may be slowed by cold attacks.


Message History

It was a potion of degeneration.
There was something very wrong with that liquid.
You feel weakened.
You feel dopey.
You feel clumsy.
It was a potion of invisibility.
You fade into invisibility!
Something tries to affect you, but you resist.
You are very lightly contaminated with residual magic.
You suddenly lose the ability to move!
Something hits you but does no damage. Something hits you.
* * * LOW HITPOINT WARNING * * *
You writhe in agony.
* * * LOW HITPOINT WARNING * * *
Something hits you.
* * * LOW HITPOINT WARNING * * *
You can move again.
You take 5 damage, and have 4/51 hp.
You now have 0/5 mp.
Unknown command.
Pain shoots through your body!
You die...

######### #......(###
### #......... ..#
##<..###.#####.# #
#....@......##.###.%.#
#.....##.##..........#
#.....##.#####.###...#
##.......#####.# #
#.....##.......#
#.#.#.##########
#.#...# #.##..#
#.....#


There were no monsters in sight!

Vanquished Creatures
  The ghost of namelastname112 the Shooter, an amateur DrWn (D:3)
  Crazy Yiuf (D:2)
  6 adders
  An ooze (D:2)
  2 worms (D:3)
  A dart slug (D:1)
  2 leopard geckos
  5 orcs (D:3)
  A bat (D:1)
  4 giant cockroaches
  12 goblins
  10 hobgoblins
  5 jackals (D:2)
  5 kobolds
  A quokka (D:2)
  3 frilled lizards
  8 rats
68 creatures vanquished.

Notes
Turn   | Place    | Note
-------+----------+-------------------------------------------
     0 | D:1      | namelastname112 the Draconian Wanderer began the quest for the Orb.
     0 | D:1      | namelastname112 set off with: a +2 falchion, a +0 short sword, a potion of lignification, a bread ration
     0 | D:1      | Reached XP level 1. HP: 22/22 MP: 1/1
   115 | D:1      | Reached skill level 1 in Dodging
   131 | D:1      | Reached XP level 2. HP: 28/28 MP: 2/2
   472 | D:2      | Reached XP level 3. HP: 19/35 MP: 3/3
   766 | D:2      | Reached skill level 5 in Fighting
  1139 | D:2      | Reached XP level 4. HP: 40/42 MP: 4/4
  1636 | D:2      | Found a runed door.
  1640 | D:2      | Noticed Crazy Yiuf
  1647 | D:2      | Killed Crazy Yiuf
  1937 | D:3      | Found a glowing golden altar of the Shining One.
  1956 | D:3      | Reached XP level 5. HP: 43/49 MP: 5/5
  2303 | D:3      | Noticed namelastname112's ghost (amateur DrWn)
  3018 | D:3      | Killed namelastname112's ghost
  3018 | D:3      | Reached skill level 6 in Fighting
  3410 | D:4      | Noticed Grinder
  3429 | D:4      | Paralysed by something for 4 turns
  3437 | D:4      | Paralysed by something for 4 turns
  3441 | D:4      | Killed from afar by Grinder

Vault maps used:
D:1:      minmay_arrival_open_corners, minmay_misc_feat_rows,
          minmay_tromino_v4_c
D:2:      first_bread, serial_park_tiny_2, uniq_crazy_yiuf_cottage
D:3:      nicolae_tso_carved_into_rock
D:4:      minivault_11, minivault_25, hangedman_decor_slide_cut, uniq_eustachio,
          uniq_grinder

Skill      XL: |  1  2  3  4  5 |
---------------+----------------+-----
Dodging        | 1 2 3 |  3.6
Fighting       | 5 6 |  6.3
Long Blades    | |  2.0
Maces & Flails | |  2.0
Shields        | |  1.0
Evocations     | |  1.0

Action                   |  1- 3 |  4- 6 || total
-------------------------+-------+-------++-------
Melee: Falchion          |    93 |    28 ||   121
       Tailslap          |     8 |    14 ||    22
       Quarterstaff      |       |   106 ||   106
       Unarmed           |       |     4 ||     4
  Use: Potion            |     1 |     3 ||     4
 Stab: Petrifying        |       |     1 ||     1
  Eat: Chunk             |     1 |     3 ||     4
       Bread ration      |       |     1 ||     1
       Royal jelly       |       |     1 ||     1
Armor: Skin              |    33 |    38 ||    71
Dodge: Dodged            |    69 |    97 ||   166
       Rpst.: Falchion   |    22 |    10 ||    32
